 Dungeon Sprint DCSS version 0.30.1-4-g462c640d31 (webtiles) character file.

Game seed: 12701877522997297645

522 Heoruswealwe the Shield-Bearer (level 6, -10/90 HPs)
             Began as a Demigod Fighter on Aug 16, 2023.
             Mangled by a sixfirhy (11 damage)
             ... summoned by a kobold demonologist
             ... in the Dungeon (Sprint I: "Red Sonja").
             The game lasted 00:01:58 (68 turns).

Heoruswealwe the Shield-Bearer (Demigod Fighter)      Turns: 68, Time: 00:02:00

Health: -10/90     AC:  8    Str: 25    XL:     6   Next: 70%
Magic:  8/8        EV:  9    Int: 10    God:
Gold:   108        SH:  6    Dex: 13    Spells: 5/5 levels left

rFire   . . .        a - +0 war axe
rCold   . . .        d - +0 buckler
rNeg    . . .        c - +0 scale mail
rPois   .            (no helmet)
rElec   .            (no cloak)
rCorr   .            (no gloves)
SInv    .            (no boots)
Will    .....        (no amulet) Stlth
                     (no ring)
HPRegen 0.35/turn    (no ring)
MPRegen 0.11/turn

%: no teleportation
@: berserking, very quick
A: high MP 1, forlorn, divine attributes
a: no special abilities


You were in the Dungeon.
You visited 1 branch You collected 108 gold pieces.

Inventory:

Hand Weapons
 a - a +0 war axe (weapon)
Armour
 c - a +0 scale mail (worn)
 d - a +0 buckler (worn)
Wands
 b - a wand of acid (6)
Scrolls
 j - a scroll of blinking
Potions
 h - 2 potions of magic


   Skills:
 + Level 7.4 Fighting
 + Level 7.1 Axes
 + Level 7.4 Armour
 + Level 7.4 Shields


You had 5 spell levels left.
You didn't know any spells.
Your spell library was empty.

Dungeon Overview and Level Annotations

Branches:
Dungeon (1/1)


Innate Abilities, Weirdness & Mutations

You have an increased reservoir of magic. (+10% MP)
You shall have no god before yourself.
Your divine heritage dramatically boosts your attributes as you level up.


Message History

The kobold demonologist looks satisfied for a moment.
The iron imp hits you but does no damage.
Okay, then.
Okay, then.
A red film seems to cover your vision as you go berserk!
You feel yourself moving faster!
You feel mighty!
The kobold demonologist closely misses you.
You block the iron imp's attack.
You barely miss the kobold demonologist.
The kobold demonologist is heavily wounded.
You miss the sixfirhy. You barely miss the iron imp.
You block the kobold demonologist's attack.
The iron imp hits you but does no damage.
You slash the kobold demonologist!
The kobold demonologist is severely wounded.
You closely miss the iron imp. You hit the sixfirhy.
The sixfirhy completely misses you.
The kobold demonologist casts a spell.
The sixfirhy closely misses you.
You closely miss the kobold demonologist.
The kobold demonologist is severely wounded.
You hit the iron imp. You closely miss the sixfirhy.
The sixfirhy barely misses you. You block the sixfirhy's attack.
You block the iron imp's attack. The sixfirhy hits you!
The sixfirhy shocks you!
* * * LOW HITPOINT WARNING * * *
The kobold demonologist hits you but does no damage.
You slice the kobold demonologist!!
You kill the kobold demonologist!
The rust devil disappears in a puff of smoke!
The quasit disappears in a puff of smoke!
The iron imp disappears in a puff of smoke!
You closely miss the sixfirhy.
The neqoxec disappears in a puff of smoke!
The sixfirhy hits you!
* * * LOW HITPOINT WARNING * * *
The sixfirhy shocks you!
* * * LOW HITPOINT WARNING * * *
You block the sixfirhy's attack. The sixfirhy hits you!
You die...

#####################
.)..#..'.$#__#$§@3K5#
.#..').#$.'..'.$#5§§#
###+#####+#__####4.§+
#### ####


You could see an ice devil (summoned), a kobold demonologist, a sixfirhy
(summoned), a quasit (summoned) and an ufetubus (summoned).

Vanquished Creatures
  A kobold demonologist (D)
  Sigmund (D)
  A slime creature (D)
  A floating eye (D)
  An ogre (D)
  Ijyb (D)
6 creatures vanquished.

Notes
Turn   | Place    | Note
-------+----------+-------------------------------------------
     0 | D        | Heoruswealwe the Demigod Fighter began the quest for the
                  | Orb.
     0 | D        | Reached XP level 1. HP: 18/18 MP: 3/3
     5 | D        | Noticed Ijyb
    13 | D        | Killed Ijyb
    14 | D        | Reached XP level 2. HP: 26/27 MP: 4/4
    17 | D        | Noticed an ogre
    20 | D        | Killed an ogre
    21 | D        | Reached XP level 3. HP: 35/35 MP: 5/5
    21 | D        | Reached XP level 4. HP: 41/41 MP: 6/6
    24 | D        | Noticed Sigmund
    27 | D        | Killed Sigmund
    28 | D        | Reached XP level 5. HP: 40/51 MP: 7/7
    36 | D        | Noticed a slime creature
    42 | D        | Killed a slime creature
    43 | D        | Reached XP level 6. HP: 36/60 MP: 8/8
    52 | D        | Noticed a kobold demonologist
    53 | D        | Noticed a neqoxec
    53 | D        | Noticed a kobold demonologist
    55 | D        | Paralysed by a floating eye for 3 turns
    56 | D        | Noticed a rust devil
    57 | D        | Noticed an ice devil
    60 | D        | Noticed a sixfirhy
    68 | D        | Killed a kobold demonologist
    68 | D        | HP: 1/90 [sixfirhy[a kobold demonologist] (12)]
    68 | D        | Mangled by a sixfirhy

Illustrated notes

Levels and vault maps discovered:
D:        dungeon_sprint_1 [red_sonja_temple_1, red_sonja_temple_small_1]

Skill      XL: |  1  2  3  4  5  6 |
---------------+-------------------+-----
Fighting       | 3 4 6 7 |  7.4
Axes           | 3 4 6 7 |  7.1
Armour         | 3 4 6 7 |  7.4
Shields        | 3 4 6 7 |  7.4

Action                     |  1- 3 |  4- 6 || total
---------------------------+-------+-------++-------
  Melee: War axe           |     8 |    17 ||    25
  Evoke: Wand              |     1 |     1 ||     2
    Use: Potion            |     2 |     3 ||     5
 Armour: Scale mail        |     3 |     9 ||    12
  Dodge: Dodged            |     2 |     9 ||    11
  Block: Buckler           |       |     6 ||     6
